 Dungeon Crawl Stone Soup version 0.19-a0 (webtiles) character file.

505 Mefis the Magician (level 6, -4/32 HPs)
             Began as a Deep Elf Wizard on Apr 27, 2016.
             Slain by an ogre
             ... wielding a +0 giant club
              (8 damage)
             ... on level 4 of the Dungeon.
             The game lasted 00:22:15 (3144 turns).

Mefis the Magician (Deep Elf Wizard)                Turns: 3144, Time: 00:22:16

Health: -4/32      AC:  4    Str:  7    XL:     6   Next: 96%
Magic:  6/18       EV: 13    Int: 25    God:
Gold:   221        SH:  0    Dex: 13    Spells: 7 memorised, 5 levels left

rFire  . . .     SeeInvis .     I - +0 quarterstaff
rCold  . . .     Gourm    .     a - +0 robe
rNeg   . . .     Faith    .     (shield currently unavailable)
rPois  .         Spirit   .     b - +0 hat
rElec  .         Dismiss  .     (no cloak)
rCorr  .         Reflect  .     (no gloves)
SustAt .         Harm     .     (no boots)
MR     .....                    (no amulet)
Stlth  ++........               y - +2 ring of protection
                                j - +3 ring of strength

@: lethally poisoned (-4 -> -8), flying, hasted, repel missiles, very quick, not
resistant to hostile enchantments, unstealthy
A: deterioration 1, regeneration 1, MP-powered wands
a: no special abilities


You were on level 4 of the Dungeon.
You were hungry.

You visited 1 branch of the dungeon, and saw 4 of its levels.

You collected 221 gold pieces.

Inventory:

Hand Weapons
 w - a +0 dagger
 A - a -1 blowgun
 I - a +0 quarterstaff (weapon)
Missiles
 H - 6 poisoned needles
Armour
 a - a +0 robe (worn)
 b - a +0 hat (worn)
Jewellery
 e - an uncursed ring of positive energy
 h - an uncursed ring of sustain attributes
 j - a +3 ring of strength (left hand)
 y - a +2 ring of protection (right hand)
 E - a +2 ring of strength
Scrolls
 g - a scroll of recharging {unknown}
 i - a scroll of noise {unknown}
 k - a scroll of fog {unknown}
 l - 4 scrolls of identify {unknown}
 n - a scroll of random uselessness {unknown}
 o - 3 scrolls of enchant armour {unknown}
 p - 2 scrolls of teleportation {unknown}
 t - 2 scrolls of magic mapping {unknown}
 u - 3 scrolls of remove curse
 G - a scroll of enchant weapon {unknown}
Potions
 q - 2 potions of mutation
 r - a potion of curing {unknown}
 s - 2 potions of flight
 B - a potion of degeneration {unknown}
 D - a potion of lignification {unknown}
 F - a potion of brilliance {unknown}
Books
 c - a book of Minor Magic

   Spells                             Type                      Level
   a - Magic Dart                     Conjuration                  1
   b - Blink                          Translocation                2
   c - Call Imp                       Summoning                    2
   d - Repel Missiles                 Charms/Air                   2
   e - Slow                           Hexes                        2
   f - Conjure Flame                  Conjuration/Fire             3
   g - Mephitic Cloud                 Conjuration/Poison/Air       3
Miscellaneous
 v - a plain deck of changes
Comestibles
 d - 3 bread rations
 f - 5 meat rations
 x - 4 fruits
 z - 2 beef jerkies
 C - a royal jelly


   Skills:
 + Level 1.1 Throwing
 + Level 3.4 Dodging
 + Level 3.4 Stealth
 + Level 7.9 Spellcasting
 + Level 3.7 Conjurations
 + Level 0.3 Hexes
 + Level 0.4 Charms
 + Level 1.5 Summonings
 + Level 1.7 Translocations
 + Level 0.4 Fire Magic
 + Level 0.6 Air Magic
 + Level 0.4 Poison Magic


You had 5 spell levels left.
You knew the following spells:

 Your Spells              Type           Power        Failure   Level  Hunger
a - Magic Dart            Conj           ####         1%          1    None
b - Call Imp              Summ           ###.....     6%          2    None
c - Blink                 Tloc           N/A          6%          2    None
d - Repel Missiles        Chrm/Air       ##....       10%         2    None
e - Mephitic Cloud        Conj/Pois/Air  ###.....     12%         3    None
f - Conjure Flame         Conj/Fire      ###.....     10%         3    None
g - Slow                  Hex            ##......     10%         2    None


Dungeon Overview and Level Annotations

Branches:
Dungeon (4/15)
 Temple: D:4-7

Altars:
Nemelex Xobeh
Ru
Yredelemnul


Innate Abilities, Weirdness & Mutations

Your body sometimes deteriorates upon taking damage.
Your natural rate of healing is unusually fast.
You expend magic power (3 MP) to strengthen your wands.


Message History

* * * LOW HITPOINT WARNING * * *
You feel sick. The killer bee closely misses you. The killer bee misses you.
Your crimson imp hits the killer bee. x2
The killer bee dies!
* * * LOW HITPOINT WARNING * * *
You feel sick.
Drink which item? (? for menu, Esc to quit)
It was a potion of flight.
You feel very buoyant.
You fly up into the air.
* * * LOW HITPOINT WARNING * * *
You feel sick. The ogre hits you but does no damage.
Your crimson imp blinks!
Your crimson imp hits the ogre.
Your crimson imp hits the ogre but does no damage.
Drink which item? (? for menu, Esc to quit)
It was a potion of haste.
You feel yourself speed up.
* * * LOW HITPOINT WARNING * * *
You feel sick. The ogre hits you with a giant club!
You die...

#........ #........
#.ยง...... #........
#........ #........
#5.......
######O.......
#....@5....... ###
#.....###+#########.##
#.....#....#..........
#.....#....#..........
#.....#....#..).......
#.....#....#..........
#.....#....#..........
#.....'....#<.........
#.....#....#..........


You could see an ogre and 2 friendly crimson imps.

Vanquished Creatures
  2 ogres
  2 killer bees (D:4)
  A hound (D:4)
  5 adders
  2 oozes (D:2)
  A dart slug (D:3)
  4 giant geckos
  An orc (D:3)
  11 bats
  2 giant cockroaches
  4 goblins
  4 hobgoblins
  7 kobolds
  3 quokkas
  7 rats
56 creatures vanquished.

Vanquished Creatures (collateral kills)
  Edmund (D:4)
  A killer bee (D:4)
  An ooze (D:3)
  An orc (D:3)
  A goblin (D:3)
  A hobgoblin (D:3)
  3 jackals (D:2)
  A kobold (D:2)
  A rat (D:3)
11 creatures vanquished.

Grand Total: 67 creatures vanquished

Notes
Turn   | Place    | Note
--------------------------------------------------------------
     0 | D:1      | Mefis the Deep Elf Wizard began the quest for the Orb.
     0 | D:1      | Reached XP level 1. HP: 10/10 MP: 7/7
   264 | D:1      | Reached XP level 2. HP: 15/15 MP: 5/9
   268 | D:1      | Learned a level 2 spell: Call Imp
   271 | D:1      | Learned a level 2 spell: Blink
   274 | D:1      | Learned a level 2 spell: Repel Missiles
   337 | D:1      | Reached skill level 5 in Spellcasting
  1044 | D:2      | Reached XP level 3. HP: 19/19 MP: 7/11
  1049 | D:2      | Learned a level 3 spell: Mephitic Cloud
  1649 | D:2      | Found a sparkling altar of Nemelex Xobeh.
  1745 | D:2      | Reached XP level 4. HP: 24/24 MP: 8/13
  1750 | D:2      | Learned a level 3 spell: Conjure Flame
  2183 | D:3      | Found a sacrificial altar of Ru.
  2183 | D:3      | Found a basalt altar of Yredelemnul.
  2250 | D:3      | Reached skill level 6 in Spellcasting
  2450 | D:4      | Noticed an ogre
  2461 | D:4      | Killed an ogre
  2461 | D:4      | Reached XP level 5. HP: 28/28 MP: 1/16
  2561 | D:3      | Learned a level 2 spell: Slow
  2609 | D:4      | Noticed Edmund
  2674 | D:4      | Noticed an ogre
  2852 | D:3      | Killed an ogre
  2852 | D:3      | Reached skill level 7 in Spellcasting
  2852 | D:3      | Reached XP level 6. HP: 25/32 MP: 0/18
  3001 | D:4      | Killed Edmund
  3122 | D:4      | Reached skill level 1 in Throwing
  3141 | D:4      | Gained mutation: You expend magic power (3 MP) to strengthen your wands. [potion of mutation]
  3141 | D:4      | Gained mutation: Your body sometimes deteriorates upon taking damage. [potion of mutation]
  3141 | D:4      | Gained mutation: Your natural rate of healing is unusually fast. [potion of mutation]
  3144 | D:4      | Slain by an ogre

Vault maps used:
D:1:      scummos_arrival_simple_fountains, hex_large
D:2:      nemelex_deck
D:3:      amethyst_overflow_temple_binary, first_bread
D:4:      uniq_eustachio, uniq_edmund

Skill      XL: |  1  2  3  4  5  6 |
---------------+-------------------+-----
Spellcasting   | 5 6 7 |  7.9
Dodging        | 3 |  3.4
Conjurations   | 3 |  3.7
Stealth        | 3 |  3.4
Throwing       | 1 |  1.1
Hexes          | |  0.3
Charms         | |  0.4
Summonings     | |  1.5
Translocations | |  1.7
Fire Magic     | |  0.4
Air Magic      | |  0.6
Poison Magic   | |  0.4

Action                   |  1- 3 |  4- 6 || total
-------------------------+-------+-------++-------
Melee: Quarterstaff      |       |     2 ||     2
 Fire: Blowgun           |       |     8 ||     8
 Cast: Magic Dart        |    80 |    74 ||   154
       Repel Missiles    |     1 |       ||     1
       Call Imp          |     2 |    17 ||    19
       Mephitic Cloud    |       |     4 ||     4
       Blink             |       |     4 ||     4
       Conjure Flame     |       |     2 ||     2
       Slow              |       |     2 ||     2
  Use: Scroll            |     1 |     2 ||     3
       Potion            |       |     3 ||     3
 Stab: Confused          |       |     2 ||     2
  Eat: Chunk             |     2 |     4 ||     6
Armor: Robe              |     4 |     5 ||     9
Dodge: Dodged            |    11 |    23 ||    34
       Deflected         |       |     1 ||     1
